 Dungeon Crawl Stone Soup version 0.18.1-48-g4cf74bf (webtiles) character file.

2485 tyranidshit the Fighter (level 9, -8/88 HPs)
             Began as a Deep Dwarf Necromancer on July 11, 2016.
             Mangled by Mesmaeker13's ghost (9 damage)
             ... on level 5 of the Dungeon.
             The game lasted 00:39:02 (4994 turns).

tyranidshit the Fighter (Deep Dwarf Necromancer)    Turns: 4994, Time: 00:39:03

Health: -8/88      AC:  4    Str: 11    XL:     9   Next: 27%
Magic:  17/17      EV: 12    Int: 20    God:
Gold:   199        SH:  0    Dex: 13    Spells: 2 memorised, 19 levels left

rFire  . . .     SeeInvis .     u - +2 rapier (venom)
rCold  . . .     Gourm    .     a - +1 robe
rNeg   . . .     Faith    .     (no shield)
rPois  .         Spirit   .     (no helmet)
rElec  .         Dismiss  .     (no cloak)
rCorr  .         Reflect  .     f - +0 pair of gloves {archery}
SustAt .         Harm     .     (no boots)
MR     +....                    (no amulet)
Stlth  ++........               (no ring)
                                (no ring)

@: non-regenerating, somewhat resistant to hostile enchantments, unstealthy
A: damage resistance, recharge devices, sense surroundings 2, slow regeneration
3
a: Device Recharging


You were on level 5 of the Dungeon.
You were not hungry.

You visited 2 branches of the dungeon, and saw 9 of its levels.

You collected 347 gold pieces.
You spent 148 gold pieces at shops.

Inventory:

Hand Weapons
 g - a +1 flail of holy wrath
 u - a +2 rapier of venom (weapon)
 w - a +2 vampiric spear
 D - a +0 whip of flaming
Armour
 a - a +1 robe (worn)
 f - a +0 pair of gloves of archery (worn)
 i - a +0 ring mail
 B - a +0 leather armour
 F - the +2 cloak of the Thief {+Fog Slay-2 SInv Stlth+}
   (You found it on level 8 of the Dungeon)

   It affects your accuracy and damage with ranged weapons and melee attacks
   (-2).
   It lets you see invisible.
   It can be evoked to emit clouds of fog.
   It makes you more stealthy.
Wands
 c - a wand of heal wounds (0/9)
 r - a wand of teleportation (4/9)
 x - a wand of confusion (34/48)
 y - a wand of flame (22/48)
 E - a wand of lightning (3/15)
Scrolls
 l - 6 scrolls of identify
 p - a scroll of enchant armour
 t - 4 scrolls of remove curse
 A - a scroll of amnesia
 C - a scroll of summoning {unknown}
Potions
 d - a potion of haste {unknown}
 e - a potion of cancellation
 h - a potion of magic
 j - a potion of mutation {unknown}
 k - 3 potions of curing
 m - a potion of ambrosia {unknown}
 o - 2 potions of might
 z - a potion of heal wounds {unknown}
Books
 b - a book of Necromancy

   Spells                             Type                      Level
   a - Pain                           Necromancy                   1
   b - Animate Skeleton               Necromancy                   1
   c - Vampiric Draining              Necromancy                   3
   d - Regeneration                   Charms/Necromancy            3
   e - Animate Dead                   Necromancy                   4
   f - Control Undead                 Necromancy                   4
Comestibles
 n - a bread ration
 q - 2 meat rations
 s - a royal jelly
 v - 3 fruits


   Skills:
 + Level 8.0 Fighting
 - Level 2.1 Dodging
 - Level 2.4 Stealth
 + Level 7.7 Spellcasting
 - Level 4.3 Necromancy


You had 19 spell levels left.
You knew the following spells:

 Your Spells              Type           Power        Failure   Level  Hunger
a - Pain                  Necr           ####         1%          1    None
b - Vampiric Draining     Necr           ####......   6%          3    None


Dungeon Overview and Level Annotations

Branches:
Dungeon (8/15)             Temple (1/1) D:5
   Lair: D:8-11

Altars:
Cheibriados
Dithmenos
Fedhas
Gozag
Kikubaaqudgha
Nemelex Xobeh
Pakellas
Qazlal
Ru
Sif Muna
Vehumet
Yredelemnul
Zin
The Shining One

Shops:
D:4 [*

Annotations:
D:5 Mesmaeker13's ghost, novice GrHu
D:6 TBriggs11TB's ghost, novice DsBe
D:7 exclusion: statue, Menkaure


Innate Abilities, Weirdness & Mutations

You are resistant to damage.
You can recharge devices by infusing magical energy.
You passively map the area around you.
You do not regenerate naturally.


Message History

Unknown command.
Evoke which item? (* to show all) (? for menu, Esc to quit)
This wand has no charges.
You aren't carrying any pieces of jewellery.
Wear which item? (? for menu, Esc to quit)
Mesmaeker13's ghost barely misses you.
Keep equipping yourself?
You start putting on your armour.
You continue putting on the +2 cloak of the Thief {+Fog Slay-2 SInv Stlth+}.
Magic restored.
Mesmaeker13's ghost hits you but does no damage.
You continue putting on the +2 cloak of the Thief {+Fog Slay-2 SInv Stlth+}.
Mesmaeker13's ghost hits you!
* * * LOW HITPOINT WARNING * * *
You continue putting on the +2 cloak of the Thief {+Fog Slay-2 SInv Stlth+}.
Mesmaeker13's ghost completely misses you.
You continue putting on the +2 cloak of the Thief {+Fog Slay-2 SInv Stlth+}.
Mesmaeker13's ghost takes aim.
Mesmaeker13's ghost hits you!
You die...

##.....# #......# * #......# *
###.....# *, , ######
##..†..o### , .
##....###..W......##...
#..........o###........
#########W####...#.....* ####
##≈≈≈≈≈##@# #...###... ...###
#≈≈≈≈≈≈≈#.#*#..## *..
.)...###≈≈...≈≈#..##..# *##..
.......'..._.≈≈#...#..##.....*
......##≈≈...≈≈#...#.........
...<..##≈≈≈≈≈≈≈#...#.........
......###≈≈≈≈≈##.##....#####.**
........###########)#### *
..........## ##..#


You could see Mesmaeker13's ghost.

Vanquished Creatures
  Pikel (D:7)
  Sigmund (D:2)
  Eustachio (D:4)
  Edmund (D:4)
  2 ice beasts
  An ogre (D:5)
  A centaur (D:7)
  2 giant frogs
  An elf skeleton (D:4)
  3 scorpions
  A water moccasin skeleton (D:6)
  5 howler monkeys
  A quasit (D:5)
  2 jellies (D:6)
  A human zombie (D:4)
  4 orc priests
  3 hounds
  3 orc wizards
  2 iguanas
  4 worker ants
  A worker ant zombie (D:5)
  4 adders
  A shadow imp (D:8)
  2 oozes (D:1)
  An adder zombie (D:5)
  An adder skeleton (D:6)
  4 dart slugs
  2 giant geckos
  20 orcs
  4 giant cockroaches
  5 goblins
  6 hobgoblins
  5 quokkas
  9 bats
  2 giant gecko skeletons
  3 giant newts
  6 kobolds
  2 orc skeletons (D:4)
  12 rats
130 creatures vanquished.

Vanquished Creatures (others)
  An orc wizard (D:3)
1 creature vanquished.

Grand Total: 131 creatures vanquished

Notes
Turn   | Place    | Note
--------------------------------------------------------------
     0 | D:1      | tyranidshit the Deep Dwarf Necromancer began the quest for the Orb.
     0 | D:1      | Reached XP level 1. HP: 15/15 MP: 3/3
   208 | D:1      | Reached skill level 1 in Fighting
   233 | D:1      | Reached XP level 2. HP: 18/25 MP: 1/5
   678 | D:1      | Reached XP level 3. HP: 13/31 MP: 4/6
   787 | D:2      | Learned a level 3 spell: Vampiric Draining
   948 | D:2      | Noticed Sigmund
  1215 | D:2      | You fall through a shaft for 2 floors!
  1345 | D:3      | Reached skill level 2 in Fighting
  1345 | D:3      | Reached XP level 4. HP: 33/39 MP: 0/8
  1469 | D:3      | Reached XP level 5. HP: 28/48 MP: 0/10
  1475 | D:3      | Reached skill level 3 in Fighting
  1568 | D:2      | Killed Sigmund
  1568 | D:2      | Reached XP level 6. HP: 40/57 MP: 0/12
  1656 | D:3      | Reached skill level 4 in Fighting
  2122 | D:3      | Found a sacrificial altar of Ru.
  2354 | D:4      | Found Yzot's Antique Armour Emporium.
  2359 | D:4      | Bought a pair of runed gloves for 148 gold pieces
  2409 | D:4      | Found Fedar's Serpentskin Sales.
  2413 | D:4      | Reached XP level 7. HP: 41/66 MP: 0/14
  2549 | D:4      | Reached skill level 5 in Spellcasting
  2563 | D:4      | Noticed Edmund
  2585 | D:4      | Killed Edmund
  2585 | D:4      | Reached skill level 5 in Fighting
  2751 | D:4      | Noticed Eustachio
  2783 | D:4      | Killed Eustachio
  2783 | D:4      | Reached XP level 8. HP: 44/76 MP: 0/15
  3297 | D:5      | Entered Level 5 of the Dungeon
  3376 | D:5      | Found a deep blue altar of Sif Muna.
  3418 | D:5      | Reached skill level 6 in Fighting
  3724 | D:5      | Found a staircase to the Ecumenical Temple.
  3733 | Temple   | Entered the Ecumenical Temple
  3897 | D:5      | Noticed Mesmaeker13's ghost (novice GrHu)
  4118 | D:6      | Noticed TBriggs11TB's ghost (novice DsBe)
  4165 | D:6      | Found a sparkling altar of Nemelex Xobeh.
  4414 | D:6      | Reached skill level 7 in Fighting
  4467 | D:7      | Found a shadowy altar of Dithmenos.
  4508 | D:7      | Found a radiant altar of Vehumet.
  4525 | D:7      | Noticed Menkaure
  4595 | D:7      | Found an oddly glowing altar of Pakellas.
  4609 | D:7      | Noticed Pikel
  4618 | D:7      | Killed Pikel
  4618 | D:7      | Gained mutation: You passively map the area around you. [Deep Dwarf growth]
  4618 | D:7      | Reached XP level 9. HP: 26/88 MP: 0/18
  4658 | D:8      | Found a stormy altar of Qazlal.
  4709 | D:8      | Reached skill level 8 in Fighting
  4748 | D:8      | Found a blossoming altar of Fedhas.
  4839 | D:6      | Noticed a hill giant
  4992 | D:5      | HP: 1/88 [Mesmaeker13's ghost (13)]
  4994 | D:5      | Mangled by Mesmaeker13's ghost

Skill      XL: |  1  2  3  4  5  6  7  8  9 |
---------------+----------------------------+-----
Spellcasting   | 2 3 4 5 7 |  7.7
Fighting       | 1 2 3 4 5 7 8 |  8.0
Dodging        | |  2.1
Stealth        | |  2.4
Necromancy     | |  4.3

Action                   |  1- 3 |  4- 6 |  7- 9 || total
-------------------------+-------+-------+-------++-------
Melee: Spear             |    17 |       |       ||    17
       Unarmed           |     1 |       |       ||     1
       Short sword       |    45 |       |       ||    45
       Rapier            |     9 |    68 |   195 ||   272
       Flail             |       |       |     1 ||     1
 Cast: Pain              |    54 |     7 |    36 ||    97
       Vampiric Draining |     7 |    18 |    53 ||    78
 Abil: Device Recharging |       |       |     3 ||     3
Evoke: Wand              |     3 |     4 |    11 ||    18
  Use: Scroll            |     8 |       |     6 ||    14
       Potion            |       |     4 |       ||     4
 Stab: Sleeping          |     1 |       |     3 ||     4
  Eat: Bread ration      |     1 |       |     1 ||     2
       Meat ration       |       |     1 |     1 ||     2
       Fruit             |       |       |     2 ||     2
Armor: Robe              |    22 |    15 |    86 ||   123
Dodge: Dodged            |    75 |    52 |   217 ||   344
